 Dungeon Crawl Stone Soup version 0.25-a0-460-g4f2eb97ec1 (webtiles) character file.

Game seed: 7222173320662487478, levelgen mode: deterministic

10 Nattfarinn the Sneak (level 2, -2/15 HPs)
             Began as a Vine Stalker Assassin on Feb 3, 2020.
             Slain by a gnoll
             ... wielding a +0 spear
              (11 damage)
             ... on level 1 of the Dungeon.
             The game lasted 00:00:55 (365 turns).

Nattfarinn the Sneak (Vine Stalker Assassin)         Turns: 365, Time: 00:00:55

Health: -2/15      AC:  3    Str: 13    XL:     2   Next: 20%
Magic:  0/3        EV:  8    Int: 14    God:
Gold:   16         SH:  7    Dex: 15    Spells: 1/1 levels left

rFire    . . .     SeeInvis .   a - +2 dagger
rCold    . . .     Gourm    .   g - +0 shield {rN+}
rNeg     + . .     Faith    .   b - +0 robe
rPois    .         Spirit   +   (no helmet)
rElec    .         Reflect  .   c - +0 cloak
rCorr    .         Harm     .   (no gloves)
MR       .....                  (no boots)
Stlth    +++.......             (no amulet)
HPRegen  0.05/turn              i - +3 ring of intelligence
MPRegen  0.08/turn              (no ring)

@: no status effects
A: fangs 2, magic shield, antimagic bite, no potion heal 3, rot immunity
a: no special abilities


You were on level 1 of the Dungeon.
You were not hungry.

You visited 1 branch of the dungeon, and saw 1 of its levels.

You collected 16 gold pieces.

Inventory:

Hand Weapons
 a - a +2 dagger (weapon)
Missiles
 d - 6 poisoned darts (quivered)
 e - 2 curare-tipped darts
Armour
 b - a +0 robe (worn)
 c - a +0 cloak (worn)
 g - a +0 shield of positive energy (worn)
Jewellery
 i - a +3 ring of intelligence (left hand)
Scrolls
 h - a scroll of remove curse {unknown}
 j - a scroll of amnesia {unknown}
 k - a scroll of magic mapping {unknown}
Comestibles
 f - 2 rations
 l - 2 chunks of flesh


   Skills:
 + Level 1.9 Fighting
 * Level 2.1 Short Blades
 - Level 1.7 Throwing
 * Level 0.6 Armour
 - Level 0.7 Dodging
 + Level 4.9 Stealth


You had one spell level left.
You didn't know any spells.
Your spell library was empty.

Dungeon Overview and Level Annotations

Branches:
Dungeon (1/15)

Altars:


Innate Abilities, Weirdness & Mutations

You have extremely sharp teeth.
When hurt, damage is shared between your health and your magic reserves.
Your bite disrupts and absorbs the magic of your enemies.
Potions cannot restore your health.
You are immune to rotting.


Message History

You kill the goblin!
Throwing (i - inventory. (/) - cycle)
d - 8 poisoned darts (quivered)
Press: ? - help, Shift-Dir - straight line, f - gnoll
Aim: a gnoll, wielding a +0 spear You throw a poisoned dart.
The poisoned dart closely misses the gnoll.
Throwing (i - inventory. (/) - cycle)
d - 7 poisoned darts (quivered)
Press: ? - help, Shift-Dir - straight line, f/p - gnoll
Aim: a gnoll, wielding a +0 spear You throw a poisoned dart.
The poisoned dart hits the gnoll.
The gnoll is poisoned.
The gnoll hits you but does no damage. The gnoll hits you with a +0 spear!
You hit the gnoll.
The gnoll is moderately wounded.
The gnoll barely misses you.
You hit the gnoll.
The gnoll is moderately wounded.
The gnoll hits you with a +0 spear!
Ouch! That really hurt!
You die...

................>.#
............#.#.#.#
##+#####.#+#......####
.. ..(....#.#.#......
.. .............##..#
# #.######.#.#.([g.. #
......?...#.#. #
.####.#.#g# . #
#.....@.# # #.#.#.#.#
# ..........# #
....#.#.#...# #
.....###..### # .....
... .... #.## ... ..
... #.


You could see a gnoll.

Vanquished Creatures
  A giant cockroach (D:1)
  3 goblins (D:1)
  A hobgoblin (D:1)
  3 bats (D:1)
  2 frilled lizards (D:1)
10 creatures vanquished.

Notes
Turn   | Place    | Note
-------+----------+-------------------------------------------
     0 | D:1      | Nattfarinn the Vine Stalker Assassin began the quest for
                  | the Orb.
     0 | D:1      | Reached XP level 1. HP: 11/11 MP: 2/2
   332 | D:1      | Reached XP level 2. HP: 14/15 MP: 3/3
   365 | D:1      | Slain by a gnoll

Levels and vault maps discovered:
D:1:      minmay_arrival_up_and_down, layout_basic, st_stairs_13,
          minmay_three_crescents

Skill      XL: |  1 |
---------------+----+-----
Short Blades   | 2 |  2.1
Fighting       | |  1.9
Throwing       | |  1.7
Armour         | |  0.6
Dodging        | |  0.7
Stealth        | |  4.9

Action                   || total
-------------------------++-------
Melee: Dagger            ||    26
       Bite              ||     4
Throw: Dart              ||     2
 Stab: Sleeping          ||     3
Armor: Robe              ||     6
Dodge: Dodged            ||    13
Block: Shield            ||    11

Table legend:
 A = Non-vault XP
 B = Vault XP
 C = Vault XP percentage of total XP
 D = Non-vault monster count
 E = Vault monster count
 F = Vault count percentage of total count
                 A         B        C        D         E       F
            +---------+---------+-------+---------+---------+-------
      Total |      12 |       3 |  20.0 |       8 |       2 |  20.0
            +---------+---------+-------+---------+---------+-------
        D:1 |      12 |       3 |  20.0 |       8 |       2 |  20.0
            +---------+---------+-------+---------+---------+-------
